 Dungeon Crawl Stone Soup version 0.19.4 (webtiles) character file.

430 Gargoyl the Skirmisher (level 6, 0/52 HPs)
             Began as a Ghoul Abyssal Knight on Feb 3, 2017.
             Was a Believer of Lugonu.
             Slain by a gnoll
             ... wielding a cursed -1 spear
              (4 damage)
             ... on level 4 of the Dungeon on Feb 4, 2017.
             The game lasted 00:14:14 (4948 turns).

Gargoyl the Skirmisher (Ghoul Abyssal Knight)       Turns: 4948, Time: 00:14:15

Health: 0/52       AC:  6    Str: 16    XL:     6   Next: 99%
Magic:  7/7        EV:  6    Int:  7    God:    Lugonu [**....]
Gold:   245        SH: 12    Dex: 10    Spells: 0 memorised, 5 levels left

rFire  . . .     SeeInvis .     l - +1 flail (venom)
rCold  + . .     Gourm    .     h - +0 ring mail
rNeg   + + +     Faith    .     d - +0 large shield
rPois  ∞         Spirit   .     g - +1 hat
rElec  .         Reflect  .     (no cloak)
rCorr  .         Harm     .     (no gloves)
MR     .....                    (no boots)
Stlth  ..........               (no amulet)
                                (no ring)
                                (no ring)

@: rotting
A: rotting body, claws 1, carnivore 3, cold resistance 1, negative energy
resistance 3, slow regeneration 1, torment resistance, unbreathing
a: Depart the Abyss, Bend Space, Renounce Religion


You were on level 4 of the Dungeon.
You worshipped Lugonu.
Lugonu was pleased with you.
You were not hungry.

You visited 1 branch of the dungeon, and saw 4 of its levels.
You visited the Abyss 1 time.

You collected 245 gold pieces.

Inventory:

Hand Weapons
 a - a +1 hand axe
 l - a +1 flail of venom (weapon)
Missiles
 s - 4 javelins (quivered)
Armour
 d - a +0 large shield (worn)
 g - a +1 hat (worn)
 h - a +0 ring mail (worn)
Jewellery
 i - an uncursed ring of magical power {unknown}
 k - a cursed ring of teleportation {unknown}
Wands
 r - a wand of flame (24/48)
Scrolls
 f - a scroll of fog
Potions
 b - a potion of flight
 e - a potion of cancellation {unknown}
 j - a potion of magic {unknown}
 m - a potion of agility {unknown}
 n - a potion of haste {unknown}
 o - a potion of invisibility {unknown}
 p - a potion of resistance {unknown}
 q - a potion of cure mutation {unknown}
Comestibles
 c - 3 meat rations
 t - a slice of pizza
 u - 3 chunks of flesh


   Skills:
 + Level 4.1 Fighting
 + Level 2.7(2.9) Axes
 + Level 1.1(2.1) Maces & Flails
 + Level 0.1 Throwing
 * Level 3.9 Armour
 + Level 2.1 Dodging
 + Level 2.0 Shields
 * Level 3.3 Invocations


You had 5 spell levels left.
You didn't know any spells.

Dungeon Overview and Level Annotations

Branches:
Dungeon (4/15)
 Temple: D:4-7

Altars:
Dithmenos
Elyvilon
Fedhas
Kikubaaqudgha
Ru
Uskayaw
Xom


Innate Abilities, Weirdness & Mutations

Your body is rotting away.
You thrive on raw meat.
You are immune to poison.
You have sharp fingernails.
You are carnivorous and can eat meat at any time.
Your flesh is cold resistant. (rC+)
You are immune to negative energy. (rN+++)
You regenerate slowly when monsters are visible.
You are immune to unholy pain and torment.
You can survive without breathing.


Message History

The gnoll is almost dead.
The gnoll hits you but does no damage. You block the gnoll's attack.
You closely miss the gnoll.
The gnoll is almost dead.
The gnoll hits you from afar with a spear.
* * * LOW HITPOINT WARNING * * *
You block the gnoll's attack.
The gnoll hits you from afar with a spear.
* * * LOW HITPOINT WARNING * * *
You kill the gnoll!
Lugonu accepts your kill. You block the gnoll's attack.
You closely miss the gnoll. You block the gnoll's attack.
You barely miss the gnoll. The gnoll hits you with a spear.
* * * LOW HITPOINT WARNING * * *
You block the gnoll's attack.
You hit the gnoll but do no damage.
The gnoll is poisoned.
The gnoll hits you but does no damage.
The gnoll hits you from afar with a spear.
You die...

### ######### ##.##
#.......# ####.#.##
#≈≈≈≈≈##.# ##...###.#####
#≈###≈...######.#)##
##..... #.
#≈.....@.gg###.###.#####
#.≈###≈..>######.#...#.##
#.≈≈≈≈≈.#.# ##..##.## ..#
#.........# ##g#### #.#
######.### #.# #.# #.#
#)# #.# ####.##### ...
..#### #........# ...?.
.....# #.##..##.# .......


You could see 2 gnolls.

Vanquished Creatures
  An ogre (D:4)
  A scorpion (D:2)
  A hound (D:4)
  A bullfrog skeleton (D:3)
  Jessica (D:3)
  A worker ant (D:3)
  4 gnolls
  5 adders
  An adder zombie (D:1)
  6 worms
  4 dart slugs
  3 leopard geckos
  2 orcs (D:3)
  3 bat zombies
  5 giant cockroaches
  7 goblins
  9 hobgoblins
  A quokka (D:3)
  3 ball pythons
  3 bats
  5 frilled lizards
  A giant cockroach zombie (D:1)
  4 kobolds
  13 rats
  A rat zombie (D:2)
86 creatures vanquished.

Notes
Turn   | Place    | Note
-------+----------+-------------------------------------------
     0 | Abyss:1  | Gargoyl the Ghoul Abyssal Knight began the quest for the Orb.
     0 | Abyss:1  | Reached XP level 1. HP: 19/19 MP: 1/1
    73 | Abyss:1  | Noticed a small abomination
    74 | D:1      | Escaped the Abyss
   263 | D:1      | Reached XP level 2. HP: 18/24 MP: 2/2
   553 | D:1      | Reached * piety under Lugonu
   759 | D:1      | Reached XP level 3. HP: 29/33 MP: 3/3
  1394 | D:2      | Reached skill level 1 in Dodging
  1453 | D:2      | Found a white marble altar of Elyvilon.
  1497 | D:2      | Reached XP level 4. HP: 37/40 MP: 4/4
  1559 | D:2      | Reached ** piety under Lugonu
  1654 | D:2      | Found a shimmering altar of Xom.
  1654 | D:2      | Found a shimmering altar of Xom.
  1655 | D:2      | Found a shimmering altar of Xom.
  1656 | D:2      | Found a shimmering altar of Xom.
  1922 | D:2      | Found an ancient bone altar of Kikubaaqudgha.
  1987 | D:3      | Reached skill level 4 in Fighting
  2368 | D:3      | Noticed Jessica
  2389 | D:2      | Reached skill level 1 in Shields
  2389 | D:2      | Reached XP level 5. HP: 12/45 MP: 4/6
  2538 | D:3      | Killed Jessica
  2654 | D:3      | Found a hide-covered altar of Uskayaw.
  2654 | D:3      | Found a shadowy altar of Dithmenos.
  2655 | D:3      | Found a sacrificial altar of Ru.
  3171 | D:3      | HP: 1/46 [adder (3)]
  3596 | D:3      | Found a blossoming altar of Fedhas.
  3623 | D:3      | Reached XP level 6. HP: 52/52 MP: 7/7
  4507 | D:4      | Reached skill level 1 in Maces & Flails
  4948 | D:4      | Slain by a gnoll

Skill      XL: |  1  2  3  4  5  6 |
---------------+-------------------+-----
Armour         | 2 3 |  3.9
Axes           | 2 |  2.7
Dodging        | 1 2 |  2.1
Fighting       | 4 |  4.1
Shields        | 1 2 |  2.0
Invocations    | 3 |  3.3
Maces & Flails | 1 |  1.1
Throwing       | |  0.1

Action                   |  1- 3 |  4- 6 || total
-------------------------+-------+-------++-------
Melee: Hand axe          |   126 |    99 ||   225
       Morningstar       |       |   442 ||   442
       Flail             |       |    41 ||    41
Throw: Javelin           |       |     1 ||     1
Invok: Depart the Abyss  |     1 |       ||     1
       Bend Space        |       |     2 ||     2
  Use: Scroll            |       |     5 ||     5
       Potion            |       |     2 ||     2
  Eat: Chunk             |    14 |    39 ||    53
Armor: Leather armour    |     6 |       ||     6
       Ring mail         |    45 |   276 ||   321
Dodge: Dodged            |    24 |   149 ||   173
Block: Large shield      |    63 |   461 ||   524
